AoeStats
← KaLong

Nomad

507418070Analyzed
4v4 RM · 15d ago on Sep 18, 2026· 43m 18s· 8 players
Game mode
Random Map
Map size
231×231
Population
200
Speed
Normal
Resources
Standard
Victory
Conquest
Starting age
Dark Age
Ending age
Imperial Age
RankedLock teamsTeams togetherTeam positionsShared explorationLock speedFull tech treeHidden civsTurbo modeCheats
Victory
Defeat
🇺🇸 Spanish · United States
1675
+13
🇺🇸 Persians · United States
1637
+15
🇭🇰 Mongols · Hong Kong SAR China
1630
+15
🇺🇸 Romans · United States
1495
+21
🇲🇽 Mapuche · Mexico
1735
-20
🇲🇽 Persians · Mexico
1733
-21
🇲🇽 Dravidians · Mexico
1578
-15
🇲🇽 Malians · Mexico
1405
-8
BomBomB0
5:01 Loom
12:27 Feudal Age
16:27 Castle Age
15:06 Double-Bit Axe
16:30 Forging
17:09 Medium Warships
20:16 Bow Saw
20:59 Careening
21:37 Fishing Lines
23:33 Gillnets
24:39 Fletching
26:36 Bodkin Arrow
29:33 Wheelbarrow
28:44 Town Watch
31:09 Hand Cart
32:43 Ballistics
38:38 Imperial Age
38:12 Scale Barding Armor
38:43 Iron Casting
39:11 Husbandry
39:22 Bloodlines
39:20 Demolition Ship
40:27 Heavy Warships
40:13 Siphons
41:09 Chemistry
40:20 Clinker Construction
41:13 Chain Barding Armor
40:47 Horse Collar
40:58 Cavalier
41:55 Heavy Plow
43:46 Plate Barding Armor
KaLong
4:34 Loom
13:17 Feudal Age
17:21 Castle Age
15:09 Double-Bit Axe
18:53 Bow Saw
26:51 Ballistics
42:55 Wheelbarrow
43:17 Horse Collar
44:05 Hand Cart
嗚
4:47 Loom
14:33 Feudal Age
18:57 Castle Age
17:52 Double-Bit Axe
18:00 Stone Mining
18:36 Gold Mining
20:45 Bow Saw
24:20 Wheelbarrow
29:32 Horse Collar
33:38 Hand Cart
34:16 Town Watch
38:52 Imperial Age
36:53 Heavy Plow
38:21 Bloodlines
38:12 Husbandry
38:19 Scale Barding Armor
38:56 Forging
39:40 Chain Barding Armor
40:33 Iron Casting
39:57 Cavalier
41:19 Plate Barding Armor
42:21 Blast Furnace
41:53 Paladin
Morris=w=
12:41 Feudal Age
14:27 Loom
17:20 Castle Age
15:55 Fishing Lines
17:00 Double-Bit Axe
18:06 Fletching
19:03 Bow Saw
18:59 Bodkin Arrow
24:03 Gold Mining
25:29 Padded Archer Armor
26:40 Ballistics
27:30 Horse Collar
28:52 Gold Shaft Mining
29:47 Wheelbarrow
33:41 Imperial Age
32:07 Hand Cart
32:34 Husbandry
32:44 Bloodlines
35:10 Conscription
34:53 Bracer
35:30 Stone Mining
36:26 Leather Archer Armor
36:40 Parthian Tactics
37:25 Chemistry
37:24 Elite Mangudai
39:33 Scale Barding Armor
40:29 Capped Ram
41:31 Siege Ram
43:24 Town Watch
[KOF] alexisosunag
4:37 Loom
12:39 Feudal Age
14:57 Fletching
19:32 Castle Age
17:33 Gold Mining
19:36 Crossbowman
20:12 Bodkin Arrow
20:18 Padded Archer Armor
21:27 Ballistics
21:40 Town Watch
23:34 Sanctity
24:26 Double-Bit Axe
25:11 Medium Warships
27:16 Bow Saw
29:05 Wheelbarrow
29:19 Wheelbarrow
29:26 Horse Collar
31:42 Hand Cart
36:21 Imperial Age
33:52 Stone Mining
35:24 Thumb Ring
36:41 Arbalester
37:22 Bracer
37:37 Leather Archer Armor
38:24 Chemistry
41:43 Ring Archer Armor
41:40 Conscription
42:13 Town Patrol
42:50 Elite Urumi Swordsman
hK | Anubis
5:27 Loom
12:26 Feudal Age
14:28 Fletching
17:30 Town Watch
20:14 Scale Mail Armor
33:57 Castle Age
31:53 Double-Bit Axe
37:37 Bow Saw
~KOF~Legonas
9:36 Loom
12:22 Feudal Age
16:46 Castle Age
15:43 Horse Collar
15:56 Stone Mining
16:37 Double-Bit Axe
23:47 Town Watch
29:34 Horse Collar
UXKEKO
6:54 Loom
12:06 Feudal Age
12:44 Double-Bit Axe
15:23 Fletching
22:30 Castle Age
20:28 Gold Mining
21:27 Forging
22:31 Scale Barding Armor
23:09 Medium Warships
22:55 Bodkin Arrow
25:19 Husbandry
26:07 Chain Barding Armor
26:58 Bloodlines
30:12 Fishing Lines
31:14 Wheelbarrow
30:26 Town Watch
32:17 Horse Collar
35:36 Hand Cart
39:19 Imperial Age
37:37 Gold Shaft Mining
37:31 Bow Saw
38:42 Iron Casting
40:13 Plate Barding Armor
39:01 Cavalier
Connection lost

Rejoining the realm…

Still unreachable

The connection could not be restored.

Session expired

The server has moved on; the page needs a fresh start.